 Dungeon Crawl Stone Soup version 0.21-a0-314-gb3271ec (webtiles) character file.

161 Hasart the Slasher (level 5, -6/41 HPs)
             Began as a Mummy Fighter on Sept 29, 2017.
             Mangled by an ogre
             ... wielding a +0 giant club
              (15 damage)
             ... on level 4 of the Dungeon.
             The game lasted 00:05:27 (2757 turns).

Hasart the Slasher (Mummy Fighter)                  Turns: 2757, Time: 00:05:27

Health: -6/41      AC:  6    Str: 20    XL:     5   Next: 18%
Magic:  5/5        EV:  7    Int:  8    God:
Gold:   184        SH:  8    Dex: 11    Spells: 4/4 levels left

rFire    x . .     SeeInvis .   a - +0 long sword
rCold    + . .     Gourm    .   c - +0 shield
rNeg     + + +     Faith    .   b - +0 scale mail
rPois    ∞         Spirit   .   (no helmet)
rElec    .         Reflect  .   (no cloak)
rCorr    .         Harm     .   (no gloves)
MR       .....                  (no boots)
Stlth    ..........             (no amulet)
HPRegen  0.13/turn              (no ring)
MPRegen  0.09/turn              (no ring)

@: no status effects
A: no food or potions, fire vulnerability, cold resistance 1, negative energy
resistance 3, torment resistance, unbreathing
a: no special abilities


You were on level 4 of the Dungeon.
You were not hungry.

You visited 1 branch of the dungeon, and saw 4 of its levels.

You collected 184 gold pieces.

Inventory:

Hand Weapons
 a - a +0 long sword (weapon)
Armour
 b - a +0 scale mail (worn)
 c - a +0 shield (worn)
Jewellery
 h - an uncursed ring of ice
 k - an uncursed amulet of regeneration {unknown}
Scrolls
 d - 2 scrolls of remove curse {unknown}
 f - a scroll of recharging
 g - 2 scrolls of amnesia {unknown}
 j - 2 scrolls of identify {unknown}
 m - a scroll of magic mapping {unknown}
Books
 l - a book of Cantrips

   Spells                             Type                      Level
   a - Confusing Touch                Hexes                        1
   b - Animate Skeleton               Necromancy                   1
   c - Summon Small Mammal            Summoning                    1
   d - Apportation                    Translocation                1


   Skills:
 - Level 3.0 Fighting
 + Level 4.5 Long Blades
 - Level 2.4 Armour
 - Level 2.4 Shields


You had 4 spell levels left.
You didn't know any spells.

Dungeon Overview and Level Annotations

Branches:
Dungeon (4/15)
 Temple: D:4-7

Altars:
Ashenzari
Cheibriados
Fedhas
Makhleb
Okawaru

Annotations:
D:4 Dowan, Natasha, Pikel


Innate Abilities, Weirdness & Mutations

You do not eat or drink.
Your flesh is vulnerable to fire.
You are immune to poison.
Your flesh is cold resistant. (rC+)
You are immune to negative energy. (rN+++)
You are immune to unholy pain and torment.
You can survive without breathing.


Message History

You start resting.
An ogre comes into view. It is wielding a giant club.
The ogre shouts!
You aren't carrying any items that you can evoke.
You hit the ogre.
The ogre is lightly wounded.
The ogre hits you with a giant club!!
Ouch! That really hurt!
* * * LOW HITPOINT WARNING * * *
You slash the ogre!
The ogre is moderately wounded.
The ogre hits you with a giant club.
* * * LOW HITPOINT WARNING * * *
You hit the ogre.
The ogre is heavily wounded.
You block the ogre's attack.
You hit the ogre but do no damage.
The ogre is heavily wounded.
The ogre hits you with a giant club!
You die...

#..............#
##.....###...#.#######
#.....# ##.##.....#.##
#.#.)#####...........#
#.#..................##
#..........##.##..#...# #
#..........##.##.....###
....#......................
...............O@.......#
.......#.#........#.....#
.......#.#........#..##.#
.......#)#........#.†# #
.......#.#........#..####
.......#.#........#<....#
...#####O#........#####.#
##. #.###...#### #.# #..
..... ###.#


You could see an ogre.

Vanquished Creatures
  A hound (D:4)
  A hound skeleton (D:3)
  2 adders (D:3)
  An ooze (D:3)
  3 worms
  2 dart slugs (D:3)
  3 leopard geckos
  4 orcs
  3 ball pythons
  5 giant cockroaches
  7 goblins
  10 hobgoblins
  8 kobolds
  A quokka (D:3)
  8 bats
  7 frilled lizards
  11 rats
77 creatures vanquished.

Notes
Turn   | Place    | Note
-------+----------+-------------------------------------------
     0 | D:1      | Hasart the Mummy Fighter began the quest for the Orb.
     0 | D:1      | Reached XP level 1. HP: 18/18 MP: 1/1
    87 | D:1      | Reached skill level 2 in Long Blades
   139 | D:1      | Reached XP level 2. HP: 18/24 MP: 2/2
   782 | D:1      | Reached XP level 3. HP: 29/29 MP: 3/3
   861 | D:2      | Found a burning altar of Makhleb.
   881 | D:2      | Reached skill level 3 in Long Blades
  1072 | D:2      | Found an iron altar of Okawaru.
  1405 | D:2      | Found a blossoming altar of Fedhas.
  1408 | D:2      | Found a shattered altar of Ashenzari.
  1411 | D:2      | Found a snail-covered altar of Cheibriados.
  1672 | D:3      | Reached XP level 4. HP: 26/35 MP: 4/4
  1904 | D:3      | Reached skill level 4 in Long Blades
  2293 | D:4      | Noticed a slave
  2293 | D:4      | Noticed a slave
  2293 | D:4      | Noticed a yak
  2293 | D:4      | Noticed a yak
  2296 | D:4      | Noticed Natasha
  2296 | D:4      | Noticed a slave
  2297 | D:4      | Noticed a slave
  2297 | D:4      | Noticed a yak
  2326 | D:4      | Noticed Dowan
  2326 | D:4      | Noticed Pikel
  2326 | D:4      | Noticed a yak
  2637 | D:4      | Reached XP level 5. HP: 35/41 MP: 5/5
  2739 | D:4      | Noticed an ogre
  2757 | D:4      | Mangled by an ogre

Vault maps used:
D:1:      lemuel_arrival_behind_the_door_small, minmay_misc_feat_secret_circle,
          minmay_bisected
D:2:      okawaru_trees_1, old_standard_altar, grunt_temple_overflow_diamond
D:3:      first_bread, minmay_close_crescents
D:4:      grunt_temple_overflow_cloverleaf, minmay_temple_entry_junction,
          uniq_duvessa, uniq_natasha, uniq_pikel

Skill      XL: |  1  2  3  4 |
---------------+-------------+-----
Long Blades    | 2 3 4 |  4.5
Fighting       | |  3.0
Armour         | |  2.4
Shields        | |  2.4

Action                   |  1- 3 |  4- 6 || total
-------------------------+-------+-------++-------
Melee: Long sword        |   170 |   108 ||   278
  Use: Scroll            |       |     3 ||     3
Armor: Scale mail        |    99 |    38 ||   137
Dodge: Dodged            |    64 |    36 ||   100
Block: Shield            |    92 |    47 ||   139
       Rpst.: Long sword |    17 |    16 ||    33

Table legend:
 A = Spawn XP
 B = Non-spawn XP
 C = Spawn XP percentage of total XP
 D = Spawn monster count
 E = Non-spawn monster count
 F = Spawn count percentage of total count
 G = Total turns spent on level
                    A         B        C        D         E        F      G
               +---------+---------+-------+---------+---------+-------+---------
         Total |       0 |     230 |   0.0 |       0 |      77 |   0.0 |  2757
               +---------+---------+-------+---------+---------+-------+---------
           D:1 |       0 |      42 |   0.0 |       0 |      27 |   0.0 |   836
           D:2 |       0 |      31 |   0.0 |       0 |      15 |   0.0 |   767
           D:3 |       0 |     109 |   0.0 |       0 |      32 |   0.0 |   774
           D:4 |       0 |      48 |   0.0 |       0 |       3 |   0.0 |   380
               +---------+---------+-------+---------+---------+-------+---------
